 Dungeon Crawl Stone Soup version 0.29.1-15-g9cfb28693d (webtiles) character file.

Game seed: 18245751473698286871

2099 MacCMillion the Cleaver (level 9, -7/78 HPs)
             Began as a Hill Orc Fighter on Feb 28, 2023.
             Was a Believer of Beogh.
             Mangled by a komodo dragon (23 damage)
             ... on level 7 of the Dungeon.
             The game lasted 00:15:09 (7327 turns).

MacCMillion the Cleaver (Hill Orc Fighter)          Turns: 7327, Time: 00:15:10

Health: -7/78      AC: 12    Str: 29    XL:     9   Next: 28%
Magic:  9/9        EV: 13    Int:  8    God:    Beogh [**....]
Gold:   245        SH:  9    Dex: 10    Spells: 8/8 levels left

rFire   + . .      SeeInvis .   a - +0 war axe
rCold   . . .      Faith    .   c - +0 buckler
rNeg    . . .      Spirit   .   b - +0 scale mail
rPois   .          Reflect  +   e - +1 hat
rElec   .          Harm     .   (no cloak)
rCorr   .          Rampage  .   t - +1 pair of gloves
Will    .....                   p - +0 pair of boots
Stlth   ..........              w - amulet of reflection
HPRegen 0.23/turn               m - +4 ring of evasion
MPRegen 0.11/turn               u - +6 ring of strength

@: mighty
A: fire resistance 1, wild magic 1
a: Renounce Religion, Smiting


You were on level 7 of the Dungeon.
You worshipped Beogh.
Beogh was pleased with you.
You visited 1 branch of the dungeon, and saw 7 of its levels.

You collected 245 gold pieces.

Inventory:

Hand Weapons
 a - a +0 war axe (weapon)
Missiles
 F - 5 poisoned darts (quivered)
Armour
 b - a +0 scale mail (worn)
 c - a +0 buckler (worn)
 e - a +1 hat (worn)
 p - a +0 pair of boots (worn)
 t - a +1 pair of gloves (worn)
Jewellery
 m - a +4 ring of evasion (left hand)
 u - a +6 ring of strength (right hand)
 w - an amulet of reflection (around neck)
 y - an amulet of faith
Wands
 r - a wand of iceblast (8)
 E - a wand of paralysis (4)
Scrolls
 f - a scroll of silence {unknown}
 g - 4 scrolls of teleportation {unknown}
 i - 5 scrolls of identify {unknown}
 k - 2 scrolls of enchant armour {unknown}
 l - a scroll of enchant weapon {unknown}
 n - 2 scrolls of poison {unknown}
 o - 2 scrolls of noise {unknown}
 q - 3 scrolls of vulnerability {unknown}
 v - a scroll of amnesia {unknown}
 B - a scroll of fear {unknown}
 C - 2 scrolls of magic mapping {unknown}
Potions
 d - 2 potions of might
 h - a potion of flight
 j - a potion of degeneration {unknown}
 s - a potion of mutation
 x - 2 potions of attraction
 z - a potion of brilliance {unknown}
 A - a potion of cancellation {unknown}
 D - 3 potions of curing


   Skills:
 + Level 6.5 Fighting
 * Level 12.9 Axes
 + Level 6.0 Armour
 - Level 4.0 Shields


You had 8 spell levels left.
You didn't know any spells.
Your spell library was empty.

Dungeon Overview and Level Annotations

Branches:
Dungeon (7/15)             Temple (0/1) D:4

Altars:
Kikubaaqudgha
The Shining One

Shops:
D:4 [

Annotations:
D:4 2 transporters, dvd2's ghost, amateur FoHu
D:6 1 runed translucent door, Crazy Yiuf


Innate Abilities, Weirdness & Mutations

Your flesh is heat resistant. (rF+)
Your spells are a little harder to cast, but a little more powerful.


Message History

You slash the iguana!
You kill the iguana!
Beogh accepts your kill.
You hit the iguana but do no damage. The iguana barely misses you.
You completely miss the iguana. You barely miss the komodo dragon.
You slash the komodo dragon!
The komodo dragon is moderately wounded.
The komodo dragon bites you but does no damage.
You hit the komodo dragon.
The komodo dragon is heavily wounded.
The komodo dragon bites you but does no damage.
You hit the komodo dragon but do no damage.
The komodo dragon is heavily wounded.
The komodo dragon bites you!!
You barely miss the komodo dragon.
The komodo dragon is heavily wounded.
The komodo dragon closely misses you.
You hit the komodo dragon.
The komodo dragon is heavily wounded.
The komodo dragon bites you.
You feel very mighty all of a sudden. The komodo dragon bites you!
You barely miss the komodo dragon.
The komodo dragon is heavily wounded.
The komodo dragon closely misses you.
You hit the komodo dragon.
The komodo dragon is heavily wounded.
The komodo dragon bites you!
* * * LOW HITPOINT WARNING * * *
You slash the komodo dragon!
The komodo dragon is almost dead.
You hit the komodo dragon.
The komodo dragon is almost dead.
The komodo dragon bites you but does no damage.
You hit the komodo dragon.
The komodo dragon is almost dead.
The komodo dragon hisses menacingly.
The komodo dragon bites you!!
You die...

..#.....#..#
##...##.##
#####..#
#.## #.# #.#
#.# #.# #@#
#l#


ll# #ll# #... #... ##.. #... You could see a komodo dragon, 2 iguanas and 2
frilled lizards.

Vanquished Creatures
  2 steam dragons (D:6)
  A water moccasin (D:5)
  Duvessa (D:5)
  A sky beast (D:6)
  2 ice beasts
  A black bear (D:5)
  An ogre (D:6)
  A phantom (D:7)
  2 gnoll sergeants
  A scorpion (D:6)
  4 wights (D:6)
  Dowan (D:5)
  6 hounds
  A jelly (D:4)
  Natasha (twice) (D:2)
  7 iguanas
  Robin (D:2)
  5 adders
  9 gnolls
  3 shadow imps
  An ufetubus (D:4)
  2 worms
  7 orcs
  12 endoplasms
  4 giant cockroaches
  19 goblins
  7 hobgoblins
  9 jackals
  3 kobolds
  5 quokkas
  10 ball pythons
  5 bats
  8 frilled lizards
  6 rats
150 creatures vanquished.

Vanquished Creatures (others)
  8 plants (D:7)
8 creatures vanquished.

Grand Total: 158 creatures vanquished

Notes
Turn   | Place    | Note
-------+----------+-------------------------------------------
     0 | D:1      | MacCMillion the Hill Orc Fighter began the quest for the
                  | Orb.
     0 | D:1      | Reached XP level 1. HP: 19/19 MP: 1/1
    71 | D:1      | Reached skill level 3 in Axes
   309 | D:1      | Reached XP level 2. HP: 26/26 MP: 2/2
   591 | D:1      | Found a faded altar of an unknown god.
   759 | D:1      | Reached XP level 3. HP: 30/31 MP: 3/3
  1014 | D:2      | Reached skill level 4 in Axes
  1086 | D:2      | Found an ancient bone altar of Kikubaaqudgha.
  1326 | D:2      | Noticed Robin
  1731 | D:2      | Killed Robin
  1732 | D:2      | Reached skill level 5 in Axes
  1732 | D:2      | Reached XP level 4. HP: 33/39 MP: 4/4
  2071 | D:2      | Noticed Natasha
  2084 | D:2      | Killed Natasha
  2249 | D:2      | You fall into a shaft and drop 2 floors!
  2295 | D:4      | Noticed an ice beast
  2296 | D:4      | Reached skill level 6 in Axes
  2301 | D:4      | Reached XP level 5. HP: 38/45 MP: 5/5
  2315 | D:4      | Killed an ice beast
  2316 | D:4      | Reached skill level 7 in Axes
  2561 | D:4      | Noticed an ogre
  2562 | D:4      | Noticed dvd2's ghost (amateur FoHu)
  2564 | D:4      | Found a transporter.
  2564 | D:4      | Found a transporter.
  2645 | D:4      | Reached XP level 6. HP: 51/51 MP: 6/6
  2842 | D:3      | Reached skill level 8 in Axes
  3090 | D:3      | Became a worshipper of Beogh the Brigand
  3877 | D:4      | Found Pyrime's Antique Armour Shop.
  3915 | D:4      | Found a staircase to the Ecumenical Temple.
  4177 | D:5      | Entered Level 5 of the Dungeon
  4177 | D:5      | Noticed Duvessa
  4192 | D:5      | Noticed Dowan
  4230 | D:5      | Found a glowing golden altar of the Shining One.
  4443 | D:5      | Noticed a black bear
  4513 | D:4      | Reached * piety under Beogh
  4514 | D:4      | Reached skill level 9 in Axes
  4535 | D:5      | Killed Duvessa
  4536 | D:5      | Reached XP level 7. HP: 49/57 MP: 7/7
  4549 | D:5      | Killed Dowan
  4775 | D:4      | Reached skill level 10 in Axes
  4990 | D:5      | Reached XP level 8. HP: 67/67 MP: 8/8
  5477 | D:6      | Reached skill level 11 in Axes
  5527 | D:6      | Reached skill level 5 in Fighting
  5835 | D:6      | Reached skill level 5 in Armour
  5948 | D:6      | Found a runed translucent door.
  5949 | D:6      | Noticed Crazy Yiuf
  5999 | D:6      | Reached skill level 12 in Axes
  6143 | D:6      | HP: 3/70 [steam dragon/ball of steam (14)]
  6146 | D:6      | Gained mutation: Your flesh is heat resistant. (rF+)
                  | [potion of mutation]
  6146 | D:6      | Gained mutation: Your spells are a little harder to cast,
                  | but a little more powerful. [potion of mutation]
  6150 | D:6      | Reached ** piety under Beogh
  6151 | D:6      | Reached XP level 9. HP: 8/75 MP: 9/9
  6792 | D:2      | Noticed Natasha
  6796 | D:2      | Killed Natasha
  7272 | D:7      | Identified the +8 long sword of Arbitration {vorpal, rN+
                  | SInv}
  7307 | D:7      | Noticed a komodo dragon
  7327 | D:7      | Mangled by a komodo dragon

Illustrated notes

Levels and vault maps discovered:
D:1:      lightli_arrival_chessboard, layout_basic, ebering_ecumenical_altar_box
D:2:      layout_loops_ring, basic_altar, uniq_robin, uniq_natasha
D:3:      layout_basic
D:4:      layout_loops_ring, minmay_temple_entry_glassed_door,
          gammafunk_ghost_smash, serial_shops, nicolae_shop_behind_doors
D:5:      layout_cave_pools, lemuel_doored_altar, uniq_duvessa
D:6:      layout_basic, uniq_crazy_yiuf_cottage
D:7:      nicolae_cairo_tiling_large_dashed, layout_loops_ring, trog_wizard,
          mainiacjoe_overflow_two_lobes,
          chequers_temple_overflow_statue_of_worship, minmay_lizard_king

Skill      XL: |  1  2  3  4  5  6  7  8  9 |
---------------+----------------------------+-----
Axes           | 3 5 6 7 9 10 12 | 12.9
Shields        | 4 |  4.0
Fighting       | 4 6 |  6.5
Armour         | 4 5 6 |  6.0

Action                   |  1- 3 |  4- 6 |  7- 9 || total
-------------------------+-------+-------+-------++-------
Melee: War axe           |   109 |   226 |   198 ||   533
Invok: Convert to Beogh  |       |     1 |       ||     1
  Use: Potion            |       |       |     5 ||     5
 Stab: Distracted        |       |     1 |       ||     1
Armor: Scale mail        |    60 |    77 |    57 ||   194
Dodge: Dodged            |    54 |   119 |    99 ||   272
Block: Buckler           |    22 |    75 |    94 ||   191
       Reflection        |       |     1 |     1 ||     2
